 Dungeon Crawl Stone Soup version 0.17.0-27-g4a3f43e (console) character file.

50 gw the Bolt Thrower (level 3, 0/31 HPs)
             Began as a Hill Orc Hunter on Nov 21, 2015.
             Slain by a worm (10 damage)
             ... on level 2 of the Dungeon.
             The game lasted 00:01:13 (1728 turns).

gw the Bolt Thrower (Hill Orc Hunter)               Turns: 1728, Time: 00:01:13

Health: 0/31       AC:  9    Str: 14    XL:     3   Next: 79%
Magic:  3/3        EV: 11    Int: 11    God:
Gold:   108        SH:  0    Dex: 12    Spells: 0 memorised, 2 levels left

rFire  . . .     SeeInvis .     b - +0 short sword
rCold  . . .     Clarity  .     c - +0 leather armour
rNeg   . . .     SustAt   .     (no shield)
rPois  .         Gourm    .     k - +2 hat
rElec  .         Spirit   .     l - +0 cloak
rCorr  .         Warding  .     (no gloves)
rMut   .         Rnd*Tele +     g - +2 pair of boots
MR     .....                    (no amulet)
Stlth  +.........               (no ring)
                                j - ring of teleportation (curse)

@: not resistant to hostile enchantments, very unstealthy
A: no striking features
a: Evoke Teleportation


You were on level 2 of the Dungeon.
You were not hungry.

You visited 1 branch of the dungeon, and saw 2 of its levels.

You collected 108 gold pieces.

Inventory:

Hand Weapons
 a - a +1 hand crossbow
 b - a +0 short sword (weapon)
Missiles
 d - 15 bolts
Armour
 c - a +0 leather armour (worn)
 g - a +2 pair of boots (worn)
 k - a +2 hat (worn)
 l - a +0 cloak (worn)
Jewellery
 j - a cursed ring of teleportation (left hand)
Scrolls
 f - a scroll of fear
 m - a scroll of magic mapping {unknown}
Comestibles
 e - 2 bread rations
 h - 2 meat rations
 i - a beef jerky


   Skills:
 + Level 3.4 Fighting
 * Level 4.1 Crossbows
 + Level 1.4 Armour
 - Level 1.5 Dodging
 - Level 0.7 Stealth


You had 2 spell levels left.
You didn't know any spells.

Dungeon Overview and Level Annotations

Branches:
Dungeon (2/15)

Altars:


Message History

ATTACKING (-1,1)
You hit the worm.
The worm is moderately wounded.
The worm bites you.
ATTACKING (-1,1)
You hit the worm.
The worm is moderately wounded.
The worm bites you!
ATTACKING (-1,1)
You hit the worm but do no damage.
The worm is moderately wounded.
ATTACKING (-1,1)
You hit the worm.
The worm is moderately wounded.
The worm bites you!
ATTACKING (-1,1)
You hit the worm.
The worm is heavily wounded.
The worm bites you!
You die...

#. ###...# ### #.
#.....########.. #.
#..##.#........#
#.##..##...########
#.#?.......#
######..........##
........#>....#..#######
........####.###........
.......o# #...####.....
......w.# ###......####
........# #####....#
........# ...##.#
........# #..####.##
........# #..# #..#
#.#####.# ...# #.. #+
#.# ### ####.. ####.....


You could see a worm.

Table legend:
 A = Turns spent in this place as a percentage of turns spent in the entire game.
 B = Non-inter-level travel turns spent in this place as a percentage of non-inter-level travel turns spent in the entire game.
 C = Inter-level travel turns spent in this place as a percentage of turns spent in this place.
 D = Turns resting spent in this place as a percentage of non-inter-level travel turns spent in this place.
 E = Turns spent auto-exploring this place as a percentage of non-inter-level travel turns spent in this place.
 F = Non-inter-level travel turns spent in this place divided by the number of levels of this place that you've seen.
                   A       B       C       D       E      F
               +-------+-------+-------+-------+-------+----------------------
         Total | 100.0 | 100.0 |   0.4 |   0.6 |   1.9 | 1393.5
       Dungeon | 100.0 | 100.0 |   0.4 |   0.6 |   1.9 | 1393.5
               +-------+-------+-------+-------+-------+----------------------

Table legend:
 A = Kills in this place as a percentage of kills in entire the game.
 B = Kills by you in this place as a percentage of kills by you in the entire game.
 C = Kills by friends in this place as a percentage of kills by friends in the entire game.
 D = Other kills in this place as a percentage of other kills in the entire game.
 E = Experience gained in this place as a percentage of experience gained in the entire game.
 F = Experience gained in this place divided by the number of levels of this place that you have seen.
                   A       B       C       D       E      F
               +-------+-------+-------+-------+-------+----------------------
         Total | 100.0 | 100.0 |  -nan |  -nan | 100.0 |  36.0
       Dungeon | 100.0 | 100.0 |  -nan |  -nan | 100.0 |  36.0
               +-------+-------+-------+-------+-------+----------------------

Vanquished Creatures
  An adder (D:2)
  2 worms (D:2)
  2 giant geckos (D:1)
  2 giant cockroaches
  2 hobgoblins
  5 kobolds
  A quokka (D:2)
  5 bats (D:1)
  4 giant newts
  7 goblins
  4 rats
35 creatures vanquished.

Notes
Turn   | Place    | Note
--------------------------------------------------------------
     0 | D:1      | gw the Hill Orc Hunter began the quest for the Orb.
     0 | D:1      | Reached XP level 1. HP: 18/18 MP: 1/1
   383 | D:1      | Reached XP level 2. HP: 25/25 MP: 2/2
  1284 | D:2      | Reached skill level 1 in Armour
  1284 | D:2      | Reached XP level 3. HP: 31/31 MP: 3/3
  1312 | D:2      | Reached skill level 4 in Crossbows
  1728 | D:2      | Slain by a worm

Action                   || total
-------------------------++-------
Melee: Short sword       ||   105
 Fire: Hand crossbow     ||    47
  Use: Scroll            ||     6
  Eat: Chunk             ||     3

Vault maps used:
D:1:      dpeg_arrival_refuge, minmay_misc_feat_ornament
D:2:      lemuel_crystal_altar, kennysheep_another_room
